 Dungeon Crawl Stone Soup version 0.29.1-12-g30fa7ad0bf (webtiles) character file.

Game seed: 521941988645198612

498 sneakypete the Chopper (level 6, -11/52 HPs)
             Began as a Minotaur Gladiator on Jan 12, 2023.
             Was an Initiate of Gozag.
             Mangled by dornbeast's ghost (14 damage)
             ... on level 4 of the Dungeon.
             The game lasted 00:32:30 (4217 turns).

sneakypete the Chopper (Minotaur Gladiator)         Turns: 4217, Time: 00:32:40

Health: -11/52     AC: 11    Str: 20    XL:     6   Next: 94%
Magic:  5/5        EV:  7    Int:  5    God:    Gozag
Gold:   690        SH:  0    Dex: 12    Spells: 5/5 levels left

rFire   . . .      SeeInvis +   a - +0 war axe
rCold   . . .      Faith    .   (no shield)
rNeg    . . .      Spirit   .   l - +0 plate armour
rPois   .          Reflect  .   c - +0 hat
rElec   .          Harm     .   (no cloak)
rCorr   .          Rampage  .   (no gloves)
Will    .....                   (no boots)
Stlth   ..........              (no amulet)
HPRegen 0.17/turn               w - ring of see invisible
MPRegen 0.09/turn               (no ring)

@: brilliant, gold aura
A: horns 2, retaliatory headbutt
a: Renounce Religion, Potion Petition, Call Merchant, Bribe Branch


You were on level 4 of the Dungeon.
You worshipped Gozag.
Gozag was pleased with you.
You visited 1 branch of the dungeon, and saw 4 of its levels.

You collected 690 gold pieces.

Inventory:

Hand Weapons
 a - a +0 war axe (weapon)
 v - a +0 shortbow
Missiles
 d - 3 throwing nets
 e - a javelin
 o - 6 silver javelins
Armour
 b - a +0 leather armour
 c - a +0 hat (worn)
 f - a +0 helmet
 l - a +0 plate armour (worn)
 n - a scarf of invisibility
Magical Staves
 u - a staff of earth
Jewellery
 w - a ring of see invisible (left hand)
Wands
 t - a wand of acid (1) (quivered)
Scrolls
 h - 5 scrolls of identify {unknown}
 k - a scroll of amnesia {unknown}
 p - a scroll of silence {unknown}
 r - a scroll of teleportation {unknown}
 y - a scroll of poison {unknown}
Potions
 g - a potion of flight {unknown}
 i - a potion of might {unknown}
 j - a potion of berserk rage {unknown}
 m - 3 potions of attraction {unknown}
 q - a potion of brilliance
 s - a potion of invisibility {unknown}
 x - a potion of curing {unknown}


   Skills:
 + Level 3.8 Fighting
 + Level 6.9 Axes
 + Level 2.2 Throwing
 + Level 3.7 Armour
 + Level 4.0 Dodging
 + Level 1.6 Stealth
 + Level 0.2 Evocations


You had 5 spell levels left.
You didn't know any spells.
Your spell library was empty.

Dungeon Overview and Level Annotations

Branches:
Dungeon (4/15)
 Temple: D:4-7

Altars:
Gozag
Vehumet
Yredelemnul

Shops:
D:2 :

Annotations:
D:4 dornbeast's ghost, novice GnSu


Innate Abilities, Weirdness & Mutations

You have a pair of horns on your head.
You reflexively headbutt those who attack you in melee.


Message History

Sanboga's ghost is severely damaged.
You hit the river rat. Sanboga's ghost hits you!
Dornbeast's ghost gestures wildly while chanting.
The river rat closely misses you.
You miss sanboga's ghost.
Sanboga's ghost is severely damaged.
You barely miss the rat. You hit the river rat but do no damage.
Sanboga's ghost hits you.
* * * LOW HITPOINT WARNING * * *
The river rat bites you but does no damage.
The rat bites you but does no damage.
Okay, then.
It was a potion of brilliance.
You feel clever all of a sudden. Sanboga's ghost barely misses you.
The quokka twitches its whiskers.
Dornbeast's ghost hits you!
* * * LOW HITPOINT WARNING * * *
The river rat barely misses you. You furiously retaliate!
You headbutt the river rat! The rat bites you but does no damage.
The river rat barely misses you.
You barely miss sanboga's ghost. You headbutt sanboga's ghost!
You destroy sanboga's ghost!
You barely miss the rat. You barely miss the river rat.
You hit dornbeast's ghost but do no damage.
You barely miss the quokka. You barely miss the river rat.
The quokka bites you but does no damage.
Dornbeast's ghost hits you.
* * * LOW HITPOINT WARNING * * *
The rat bites you but does no damage. The river rat barely misses you.
The river rat bites you but does no damage.
The quokka barely misses you.
You slash the quokka!
You kill the quokka!
The quokka's corpse disappears in a puff of smoke!
You hit the rat. You hit the river rat.
You hit dornbeast's ghost but do no damage.
You barely miss the river rat. Dornbeast's ghost hits you!
You die...
Your body crumbles into a pile of gold.

########'## ##$♣⌠♣)##
........... ##8.....8##
........... #.........
........... #♣.......♣#
........... #⌠.......⌠#
........... ♣.......♣
...........
.####''$############'###
......r@§.......#....'.)
......rWr.......#....#..
.........#......#....#..
.........#####..##...##.
####+#.......#..#######.
+.......#...[......
#.......#..........
#.......#.......###
#.......##'######..


You could see dornbeast's ghost, 2 river rats and a rat (summoned).

Vanquished Creatures
  A sky beast (D:4)
  Pargi (D:3)
  A bullfrog (D:4)
  The ghost of sanboga the Chopper, a weakling MiBe of Trog (D:4)
  10 adders
  2 worms
  2 dart slugs
  8 orcs (D:4)
  11 ball pythons
  11 bats
  7 endoplasms
  A giant cockroach (D:1)
  6 goblins
  5 hobgoblins
  3 jackals (D:3)
  4 quokkas
  5 frilled lizards
  8 kobolds
  10 rats
97 creatures vanquished.

Vanquished Creatures (others)
  4 plants (D:1)
4 creatures vanquished.

Grand Total: 101 creatures vanquished

Notes
Turn   | Place    | Note
-------+----------+-------------------------------------------
     0 | D:1      | sneakypete the Minotaur Gladiator began the quest for the
                  | Orb.
     0 | D:1      | Reached XP level 1. HP: 18/18 MP: 0/0
   391 | D:1      | Reached XP level 2. HP: 25/25 MP: 1/1
   740 | D:1      | Reached skill level 4 in Axes
  1007 | D:1      | Found a faded altar of an unknown god.
  1033 | D:1      | Prayed at the altar of an unknown god.
  1033 | D:1      | Became a worshipper of Gozag Ym Sagoz the Greedy
  1102 | D:2      | Reached XP level 3. HP: 30/30 MP: 2/2
  1356 | D:2      | Found a basalt altar of Yredelemnul.
  1649 | D:2      | Reached XP level 4. HP: 34/37 MP: 3/3
  1779 | D:2      | Found Paadec's Book Shoppe.
  1823 | D:2      | Reached skill level 5 in Axes
  2107 | D:3      | Reached skill level 1 in Armour
  2126 | D:3      | Reached skill level 1 in Stealth
  2509 | D:3      | Found a radiant altar of Vehumet.
  2510 | D:3      | Noticed Pargi
  2523 | D:3      | Killed Pargi
  2524 | D:3      | Reached skill level 6 in Axes
  2524 | D:3      | Reached XP level 5. HP: 24/45 MP: 4/4
  3377 | D:4      | Noticed a sky beast
  3381 | D:4      | Killed a sky beast
  3382 | D:4      | Reached XP level 6. HP: 51/51 MP: 5/5
  4200 | D:4      | Found a runed translucent gate.
  4201 | D:4      | Found a runed translucent gate.
  4202 | D:4      | Found a runed translucent gate.
  4203 | D:4      | Noticed sanboga's ghost (weakling MiBe)
  4204 | D:4      | Noticed dornbeast's ghost (novice GnSu)
  4216 | D:4      | Killed sanboga's ghost
  4217 | D:4      | Mangled by dornbeast's ghost

Illustrated notes

Levels and vault maps discovered:
D:1:      spicycebolla_arrival_clurvy, layout_basic,
          shapermc_ecumenical_altar_mp_highgroup, serial_glass, glass_columns_a,
          glass_columns_a
D:2:      layout_basic, basic_altar, serial_shops, shop
D:3:      layout_rooms, mainiacjoe_overflow_tiny_flanked,
          nemelex_diamond_rough_becter, item_on_display_a, uniq_pargi
D:4:      layout_gridville, gammafunk_ghost_cemetery, guppyfry_early_lair_pool

Skill      XL: |  1  2  3  4  5  6 |
---------------+-------------------+-----
Axes           | 4 6 |  6.9
Armour         | 2 3 |  3.7
Stealth        | 1 |  1.6
Fighting       | 3 |  3.8
Dodging        | 4 |  4.0
Throwing       | |  2.2
Evocations     | |  0.2

Action                   |  1- 3 |  4- 6 || total
-------------------------+-------+-------++-------
Melee: War axe           |    78 |   103 ||   181
       Headbutt          |     8 |    15 ||    23
       Punch             |       |     1 ||     1
Evoke: Wand              |       |     3 ||     3
  Use: Potion            |       |     1 ||     1
 Stab: Distracted        |       |     1 ||     1
Armor: Leather armour    |    15 |       ||    15
       Plate armour      |    35 |   107 ||   142
Dodge: Dodged            |    59 |    46 ||   105
